 Dungeon Crawl Stone Soup version 0.27-a0-1147-gb3d8e82157 (webtiles) character file.

Game seed: 9988279372595456166

883 st0uf the Digger (level 8, -2/41 HPs)
             Began as a Gargoyle Earth Elementalist on May 11, 2021.
             Was an Initiate of Ashenzari.
             Slain by an orc
             ... wielding a +0 club
              (3 damage)
             ... on level 5 of the Dungeon.
             The game lasted 00:24:12 (5130 turns).

st0uf the Digger (Gargoyle Earth Elementalist)      Turns: 5130, Time: 00:24:13

Health: -2/41      AC:  7    Str: 12    XL:     8   Next: 5%
Magic:  13/13      EV: 12    Int: 18    God:    Ashenzari [......]
Gold:   149        SH:  0    Dex: 10    Spells: 8/14 levels left

rFire    . . .     SeeInvis .   t - staff of earth
rCold    . . .     Faith    .   (no shield)
rNeg     + . .     Spirit   .   c - +0 robe
rPois    ∞         Reflect  .   (no helmet)
rElec    +         Harm     .   (no cloak)
rCorr    .         Rampage  .   (no gloves)
Will     .....                  (no boots)
Stlth    ++........             (no amulet)
HPRegen  0.13/turn              (no ring)
MPRegen  0.13/turn              (no ring)

@: no status effects
A: sickness immunity, AC +5, negative energy resistance 1, electricity
resistance, torment resistance 1, petrification resistance
a: Renounce Religion


You were on level 5 of the Dungeon.
You worshipped Ashenzari.
Ashenzari was noncommittal.
You visited 2 branches of the dungeon, and saw 6 of its levels.

You collected 149 gold pieces.

Inventory:

Hand Weapons
 a - a +4 spear
 j - a +0 dagger of electrocution
Missiles
 b - 30 stones
 p - 6 poisoned darts (quivered)
Armour
 c - a +0 robe (worn)
 q - a +0 kite shield
Magical Staves
 t - a staff of earth (weapon)
Jewellery
 v - a ring of resist corrosion
Scrolls
 f - 4 scrolls of identify
 g - 2 scrolls of amnesia
 k - a scroll of vulnerability
 l - 2 scrolls of enchant armour
 m - a scroll of enchant weapon
 n - a scroll of torment
 s - a scroll of brand weapon
 u - a scroll of magic mapping
 w - a scroll of teleportation
Potions
 d - a potion of haste
 e - 2 potions of curing
 h - 2 potions of mutation
 i - a potion of ambrosia
 o - a potion of degeneration
 r - a potion of resistance


   Skills:
 + Level 3.1 Dodging
 + Level 4.5 Stealth
 + Level 3.7 Spellcasting
 + Level 1.9 Conjurations
 + Level 2.7 Transmutations
 * Level 6.9 Earth Magic
 + Level 1.2 Evocations


You had 8 spell levels left.
You knew the following spells:

 Your Spells              Type           Power      Damage    Failure   Level
a - Sandblast             Erth           84%        2d18      1%          1
b - Passwall              Tmut/Erth      25%        N/A       3%          2
c - Stone Arrow           Conj/Erth      56%        3d10      8%          3

Your spell library contained the following spells:

 Spells                   Type           Power      Damage    Failure   Level
 Animate Skeleton         Necr           6%         N/A       16%         1
 Pain                     Necr           12%        1d4       16%         1
 Summon Small Mammal      Summ           12%        N/A       16%         1
 Petrify                  Tmut/Erth      31%        N/A       21%         4
 Call Imp                 Summ           3%         N/A       22%         2
 Lee's Rapid Deconstruct  Erth           21%        3d13*     24%         5
 Call Canine Familiar     Summ           3%         N/A       41%         3
 Confusing Touch          Hex            3%         N/A       41%         3
 Gell's Gravitas          Tloc           1%         N/A       41%         3
 Summon Guardian Golem    Hex/Summ       3%         N/A       41%         3
 Vampiric Draining        Necr           1%         2d6       41%         3
 Animate Dead             Necr           1%         N/A       83%         4
 Summon Ice Beast         Ice/Summ       3%         N/A       83%         4
 Summon Lightning Spire   Summ/Air       3%         N/A       83%         4
 Yara's Violent Unravell  Hex/Tmut       4%         3d4       94%         5
 Agony                    Necr           3%         N/A       99%         5
 Metabolic Englaciation   Hex/Ice        1%         N/A       99%         5


Dungeon Overview and Level Annotations

Branches:
Dungeon (5/15)             Temple (1/1) D:5

Altars:
Ashenzari
Dithmenos
Fedhas
Hepliaklqana
Okawaru
Qazlal
Sif Muna
Trog
Uskayaw
Vehumet
Xom
Zin
The Shining One

Annotations:
D:5 1 runed translucent door, Edmund; kae's ghost, novice DsFi


Innate Abilities, Weirdness & Mutations

You are immune to sickness and miasma.
Your stone body is resilient. (AC +5)
You are immune to poison.
You resist negative energy. (rN+)
You are resistant to electric shocks. (rElec)
You are resistant to unholy torment.
You are immune to petrification.


Message History

w - a scroll of teleportation Ashenzari warns you of distant threats and treasures.
Ashenzari reveals the structure of the dungeon to you.
Ashenzari shows you where magical portals lie.
Ashenzari prevents you from stumbling into unseen traps.
Ashenzari identifies your possessions.
Okay, then.
Okay, then.
There is a staircase back to the Dungeon here.
You climb upwards.
Welcome back to the Dungeon!
Level annotation: 1 runed translucent door, Edmund; kae's ghost, novice DsFi A necrophage comes into view.
The orc hits you but does no damage. x2
There is a staircase to the Ecumenical Temple here.
Casting: Sandblast (safe; 1% risk of failure)
Confirm with . or Enter, or press ? or * to list all spells.
Aiming: Sandblast (safe; 1% risk of failure)
Press: ? - help, Shift-Dir - straight line, f - orc priest
Aim: an orc priest, wielding a +0 whip (83% to hit)
You feel a surge of power!
The blast of sand hits the orc priest.
The orc priest is moderately wounded.
b - 30 stones The orc priest invokes the aid of Beogh against you.
Beogh smites you! The orc hits you but does no damage.
Unknown command.
The orc wizard gestures at itself while chanting.
The orc wizard flickers and vanishes!
Deactivating autopickup; reactivate with Ctrl-A.
The orc priest mumbles some strange prayers to Beogh against you.
Beogh smites you!
Kae's ghost turns its malevolent gaze towards you.
You hear a distant slurping noise.
The orc priest looks braver for a moment.
The orc priest mumbles some strange prayers to Beogh against you.
Beogh smites you!
* * * LOW HITPOINT WARNING * * *
You hear a shout!
The orc hits you but does no damage.
There is an escape hatch in the ceiling here.
The orc priest mumbles some strange prayers to Beogh against you.
Beogh smites you!
* * * LOW HITPOINT WARNING * * *
The orc hits you with a +0 club.
You die...

#.... .. #...
..#####...
........# .
#......# ..
#......# ...
#......+ ..
#....@.# ..#
#....o.# ...
#......# #
#......# ##
#......# #.
#......# #.
#......# #.
###.o....# #.
#####....##'###+##
#.


You could see an orc priest and an orc.

Vanquished Creatures
  A sky beast (D:5)
  An ogre (D:5)
  A wyvern zombie (D:5)
  A wyvern skeleton (D:3)
  4 crimson imps (D:3)
  A bullfrog zombie (D:3)
  An orc priest (D:4)
  A jelly (D:4)
  A gnoll shaman (D:4)
  3 iguanas
  2 orc wizards
  A scorpion zombie (D:5)
  A hound skeleton (D:4)
  3 gnolls (D:4)
  3 adders
  4 worms
  5 dart slugs
  10 orcs
  8 endoplasms
  4 giant cockroaches
  7 goblins
  9 hobgoblins
  8 jackals
  5 kobolds
  5 quokkas
  5 ball pythons
  2 bats (D:2)
  7 frilled lizards
  3 rats
107 creatures vanquished.

Notes
Turn   | Place    | Note
-------+----------+-------------------------------------------
     0 | D:1      | st0uf the Gargoyle Earth Elementalist began the quest for
                  | the Orb.
     0 | D:1      | Reached XP level 1. HP: 10/10 MP: 3/3
   186 | D:1      | Found a faded altar of an unknown god.
   223 | D:1      | Reached XP level 2. HP: 15/15 MP: 5/5
   224 | D:1      | Reached skill level 1 in Transmutations
   345 | D:1      | Reached skill level 4 in Earth Magic
   677 | D:1      | Reached XP level 3. HP: 19/19 MP: 6/6
  1218 | D:2      | Reached XP level 4. HP: 24/24 MP: 7/7
  1715 | D:3      | Found a shimmering altar of Xom.
  1722 | D:3      | Reached XP level 5. HP: 28/28 MP: 7/9
  1742 | D:3      | Reached skill level 5 in Earth Magic
  2094 | D:3      | Reached XP level 6. HP: 16/32 MP: 5/10
  2988 | D:4      | Learned a level 2 spell: Passwall
  2992 | D:4      | Learned a level 3 spell: Stone Arrow
  3375 | D:4      | Reached skill level 6 in Earth Magic
  3375 | D:4      | Reached XP level 7. HP: 36/36 MP: 11/11
  3590 | D:4      | Reached skill level 1 in Conjurations
  4317 | D:5      | Entered Level 5 of the Dungeon
  4319 | D:5      | Noticed Edmund
  4524 | D:5      | Reached skill level 1 in Evocations
  4612 | D:5      | Noticed kae's ghost (novice DsFi)
  4634 | D:5      | Found a runed translucent gate.
  4640 | D:5      | Reached XP level 8. HP: 41/41 MP: 9/13
  4644 | D:5      | Found a staircase to the Ecumenical Temple.
  4654 | Temple   | Entered the Ecumenical Temple
  5006 | Temple   | Became a worshipper of Ashenzari the Shackled
  5130 | D:5      | HP: 1/41 [orc priest/divine providence (9)]
  5130 | D:5      | Slain by an orc

Illustrated notes

Levels and vault maps discovered:
D:1:      minmay_arrival_wavy_path, layout_basic,
          shapermc_ecumenical_altar_flowoftime,
          amcnicky_mini_rare_corridor_liquid, chequers_avenue
D:2:      layout_rooms
D:3:      layout_basic, led_xom_imps
D:4:      layout_gridville, minmay_misc_feat_ornament,
          minmay_misc_feat_four_crosses, chequers_serial_rivers_large_b
D:5:      layout_gridville, minmay_temple_entry_slanted, gammafunk_ghost_icy,
          uniq_edmund
Temple:   minmay_temple_forest_path

Skill      XL: |  1  2  3  4  5  6  7 |
---------------+----------------------+-----
Transmutations | 1 2 |  2.7
Earth Magic    | 4 5 6 |  6.9
Dodging        | 2 3 |  3.1
Stealth        | 3 4 |  4.5
Spellcasting   | 3 |  3.7
Conjurations   | 1 |  1.9
Evocations     | 1 |  1.2

Action                   |  1- 3 |  4- 6 |  7- 9 || total
-------------------------+-------+-------+-------++-------
Melee: Spear             |    60 |   159 |    21 ||   240
       Staff             |       |       |    55 ||    55
Throw: Dart              |       |       |     6 ||     6
 Cast: Sandblast         |     6 |    37 |    33 ||    76
 Stab: Sleeping          |     9 |     4 |       ||    13
Armor: Robe              |    18 |    47 |    36 ||   101
Dodge: Dodged            |    23 |    63 |    58 ||   144

Table legend: (Time is in decaauts)
 A = Elapsed time spent in this place.
 B = Non-inter-level travel time spent in this place.
 C = Inter-level travel time spent in this place.
 D = Time resting spent in this place.
 E = Time spent auto-exploring this place.
 F = Levels seen in this place.
 G = Mean time per level.
                   A        B        C        D        E       F      G
               +--------+--------+--------+--------+--------+-----+--------+
         Total |   5249 |   5112 |    137 |    533 |   3352 |   6 |  874.8 |
       Dungeon |   4851 |   4773 |     78 |    533 |   3016 |   5 |  970.2 |
        Temple |    397 |    338 |     59 |      0 |    336 |   1 |  397.0 |
               +--------+--------+--------+--------+--------+-----+--------+

Top non-repeatable levels by time:
     D:4: 1470 daAuts
     D:3: 1184 daAuts
     D:2: 943 daAuts
     D:1: 836 daAuts
     D:5: 416 daAuts
  Temple: 397 daAuts
